 Dungeon Crawl Stone Soup version 0.25.1-1-g288607f5aa (webtiles) character file.

Game seed: 12582175351854486079

70056 Curus the Warrior (level 14, -2/140 HPs)
             Began as a Minotaur Berserker on July 25, 2020.
             Was a High Priest of Trog.
             Slain by an orc knight
             ... wielding a +2 battleaxe
              (23 damage)
             ... on level 2 of the Orcish Mines on July 26, 2020.
             The game lasted 01:55:16 (23300 turns).

Curus the Warrior (Minotaur Berserker)             Turns: 23300, Time: 01:55:17

Health: -2/140     AC: 24    Str: 22    XL:     14   Next: 92%
Magic:  16/16      EV:  7    Int:  7    God:    Trog [*****.]
Gold:   1461       SH: 12    Dex: 12    Spells: 13/13 levels left

rFire    . . .     SeeInvis .   y - +4 scimitar (flame)
rCold    + . .     Gourm    .   D - +0 kite shield
rNeg     + + .     Faith    .   d - +5 plate armour
rPois    .         Spirit   .   (helmet restricted)
rElec    .         Reflect  .   (no cloak)
rCorr    +         Harm     .   (no gloves)
MR       ++...                  r - +0 pair of boots
Stlth    ..........             v - amulet of magic regeneration
HPRegen  0.33/turn              k - ring of resist corrosion
MPRegen  0.40/turn              I - ring of Grace {rC+ rN++ MR+}

@: lightly drained
A: retaliatory headbutt, horns 2
a: Berserk, Trog's Hand, Brothers in Arms, Renounce Religion


You were on level 2 of the Orcish Mines.
You worshipped Trog.
Trog was extremely pleased with you.
You were not hungry.

You visited 3 branches of the dungeon, and saw 19 of its levels.

You collected 1494 gold pieces.
You spent 33 gold pieces at shops.

Inventory:

Hand Weapons
 a - a +2 falchion
 l - a +0 scimitar of flaming
 m - a +2 vorpal falchion
 o - a +2 long sword
 y - a +4 scimitar of flaming (weapon)
 A - a +4 antimagic triple sword
 F - a +2 antimagic great sword
 P - a +7 vorpal great sword
Armour
 b - a +0 animal skin
 d - a +5 plate armour (worn)
 r - a +0 pair of boots (worn)
 D - a +0 kite shield (worn)
 J - a +1 chain mail of fire resistance
Jewellery
 k - a ring of resist corrosion (left hand)
 s - an uncursed ring of fire
 t - an uncursed ring of protection from fire
 u - an uncursed ring of teleportation
 v - an amulet of magic regeneration (around neck)
 w - an uncursed ring of wizardry
 C - an uncursed ring of positive energy
 H - the ring of Otodeitzy {AC+4 Int+4 Dex+6}
   (You found it on level 1 of the Lair of Beasts)

   [ring of protection]

   It affects your AC (+4).
   It affects your intelligence (+4).
   It affects your dexterity (+6).
 I - the ring of Grace (right hand) {rC+ rN++ MR+}
   (You acquired it on level 1 of the Lair of Beasts)

   [ring of protection from magic]

   It protects you from cold.
   It greatly protects you from negative energy.
   It affects your resistance to hostile enchantments.
 L - an uncursed ring of attention
Wands
 g - a wand of polymorph (17)
 n - a wand of flame (54)
 G - a wand of paralysis (23)
 K - a wand of clouds (8)
 M - a wand of random effects (12)
 N - a wand of iceblast (5)
 Q - a wand of digging (6)
 R - a wand of disintegration (12)
Scrolls
 f - 10 scrolls of identify
 h - 4 scrolls of magic mapping
 i - 11 scrolls of teleportation
 j - 2 scrolls of fog
 q - 6 scrolls of remove curse
 B - 6 scrolls of enchant weapon
Potions
 e - 5 potions of lignification
 p - 3 potions of curing
 x - a potion of heal wounds
 z - 2 potions of might
 E - 3 potions of haste
Comestibles
 c - 27 rations


   Skills:
 + Level 17.6(17.4) Fighting
 - Level 14.0(13.8) Long Blades
 + Level 17.4(17.3) Armour
 - Level 2.1(2.0) Dodging
 - Level 10.1(9.9) Shields
 - Level 5.3(5.1) Evocations


You had 13 spell levels left.
You didn't know any spells.
Your spell library was empty.

Dungeon Overview and Level Annotations

Branches:
Dungeon (11/15)            Temple (0/1) D:5            Lair (6/6) D:11
 Shoals (0/4) Lair:4       Spider (0/4) Lair:3        Slime (0/5) Lair:5
    Orc (2/2) D:11            Elf (0/3) Orc:2

Altars:
Ashenzari
Fedhas
Kikubaaqudgha
Makhleb
Nemelex Xobeh
Okawaru
Ru
Uskayaw
Yredelemnul
Zin
The Shining One
Jiyva

Shops:
D:8 [   Orc:2 *[

Portals:
Trove: D:10 (give 5 potions of resistance)


Innate Abilities, Weirdness & Mutations

You reflexively headbutt those who attack you in melee.
You have a pair of horns on your head.


Message History

You slash the orc sorcerer! You burn the orc sorcerer.
The orc sorcerer is severely wounded.
The orc sorcerer hits you but does no damage.
You block the orc warrior's attack.
You closely miss the orc sorcerer.
The orc sorcerer is severely wounded.
The sun demon hits you!
You are engulfed in flames!
The orc knight hits you with a +2 battleaxe!
The orc warrior hits you from afar with a +0 halberd.
The orc sorcerer casts a spell at you. The bolt of negative energy hits you.
You partially resist.
You feel drained.
* * * LOW HITPOINT WARNING * * *
Your two-headed ogre goes berserk!
You feel quite a bit more hungry. You block the orc warrior's attack.
The sun demon hits you.
* * * LOW HITPOINT WARNING * * *
You are engulfed in flames!
* * * LOW HITPOINT WARNING * * *
The orc knight hits you with a +2 battleaxe!!
You die...

.. #......#.
#.##.......## ..
##..........## .P.
#..........#.## ## ....
......#+##....# #.##....
......#∩#)....##........
......###.......#.......
.........#.....)3oO.....
.........##.....@oo.....
...#.#...###....)3oo....
....#...##.###÷)........
........#....#.)........
.#...[<..[).....#.......
.#....#.##.#.....$$.....
......###...##..........
....... ##.##....^......
...... ##.............


You could see an orc knight, a soul eater (summoned), a sun demon (summoned), an
orc sorcerer (strong), 2 orc warriors, an orc (strong) and a friendly two-headed
ogre (summoned, berserk).

Vanquished Creatures
  7 hydras
  A catoblepas (Lair:5)
  3 two-headed ogres
  3 death yaks (Lair:4)
  3 orc high priests (Orc:2)
  An orc knight (Orc:1)
  Pikel (D:8)
  2 oklob plants (Lair:3)
  An ugly thing (D:11)
  A cyclops (D:10)
  6 orc sorcerers
  20 elephants
  A merfolk siren (Lair:4)
  A gargoyle (D:11)
  4 black mambas
  11 spiny frogs
  2 torpor snails
  4 rime drakes
  2 efreet (D:9)
  4 komodo dragons
  6 trolls
  5 polar bears (Lair:6)
  6 jumping spiders (Lair:3)
  2 hornets (Lair:6)
  4 blink frogs (Lair:6)
  13 hippogriffs
  12 dream sheep
  Sigmund (D:5)
  3 redbacks (Lair:3)
  24 spriggans
  3 wyverns
  3 basilisks
  54 yaks
  A human (D:7)
  4 hogs (D:7)
  3 hungry ghosts
  Eustachio (D:5)
  A vampire mosquito (D:8)
  An acid dragon (D:8)
  6 wargs
  2 soldier ants
  13 water moccasins
  8 porcupines
  11 orc warriors
  6 sky beasts
  4 black bears
  2 ice beasts (D:5)
  A slave (D:8)
  11 ogres
  2 phantoms
  A necrophage (D:7)
  5 boggarts (Lair:6)
  2 eyes of draining (D:8)
  23 wolves
  A centaur (D:9)
  11 crocodiles
  4 big kobolds
  22 bullfrogs
  A gnoll sergeant (D:8)
  A wyvern zombie (D:9)
  A wyvern skeleton (D:6)
  A scorpion (D:5)
  A water moccasin skeleton (D:8)
  52 killer bees
  3 howler monkeys
  An electric eel (Lair:5)
  8 crimson imps
  2 bullfrog zombies
  A centaur zombie (D:10)
  2 centaur skeletons
  A quasit (D:8)
  10 orc priests
  3 hounds
  3 jellies
  3 bullfrog skeletons
  Ijyb (D:4)
  3 iguanas
  6 worker ants
  12 orc wizards
  2 hound zombies
  3 hound skeletons
  4 gnolls (D:8)
  A howler monkey skeleton (D:9)
  3 adders
  3 shadow imps
  2 oozes
  An adder skeleton (D:4)
  3 adder zombies
  2 worms
  A dart slug (D:2)
  4 leopard geckos
  51 orcs
  A ball python (D:3)
  3 bats
  3 giant cockroaches
  8 goblins
  7 hobgoblins
  6 jackals
  5 quokkas
  2 frilled lizards
  17 kobolds
  A quokka skeleton (D:7)
  3 rats
  A fungus (Lair:3)
  A plant (Lair:3)
614 creatures vanquished.

Vanquished Creatures (others)
  A dream sheep (Lair:5)
  2 slaves (D:8)
  A jelly (D:9)
  An orc wizard (Orc:1)
  An orc (D:9)
  9 fungi
  4 plants
19 creatures vanquished.

Grand Total: 633 creatures vanquished

Notes
Turn   | Place    | Note
-------+----------+-------------------------------------------
     0 | D:1      | Curus the Minotaur Berserker began the quest for the Orb.
     0 | D:1      | Reached XP level 1. HP: 19/19 MP: 0/0
   197 | D:1      | Reached XP level 2. HP: 25/26 MP: 1/1
   633 | D:2      | Reached skill level 5 in Long Blades
   648 | D:2      | Reached XP level 3. HP: 31/31 MP: 2/2
  1601 | D:3      | Found a sparkling altar of Nemelex Xobeh.
  1664 | D:3      | Reached ** piety under Trog
  1814 | D:4      | Noticed Ijyb
  1818 | D:4      | Noticed an ogre
  1823 | D:4      | Killed an ogre
  1823 | D:4      | Reached XP level 4. HP: 30/39 MP: 3/3
  1823 | D:4      | Reached XP level 5. HP: 34/45 MP: 4/4
  1826 | D:4      | Killed Ijyb
  1967 | D:4      | You fall into a shaft and drop 1 floor!
  1967 | D:5      | Entered Level 5 of the Dungeon
  1967 | D:5      | Noticed an ogre
  1976 | D:5      | Reached XP level 6. HP: 42/51 MP: 5/5
  1987 | D:5      | Noticed an ice beast
  1996 | D:5      | Killed an ice beast
  1998 | D:5      | Reached XP level 7. HP: 26/57 MP: 6/6
  2193 | D:5      | Noticed Eustachio
  2205 | D:5      | Killed Eustachio
  2205 | D:5      | Reached skill level 10 in Long Blades
  2231 | D:5      | Found a staircase to the Ecumenical Temple.
  2771 | D:4      | Reached XP level 8. HP: 64/64 MP: 7/7
  3297 | D:4      | Found a sacrificial altar of Ru.
  3355 | D:5      | Noticed Sigmund
  3363 | D:5      | Killed Sigmund
  3548 | D:5      | Found a glowing golden altar of the Shining One.
  4068 | D:6      | Reached *** piety under Trog
  4171 | D:6      | Found a hide-covered altar of Uskayaw.
  4399 | D:6      | Found a shattered altar of Ashenzari.
  4498 | D:6      | Reached XP level 9. HP: 70/70 MP: 8/8
  5238 | D:7      | Reached skill level 5 in Fighting
  5247 | D:7      | Reached skill level 5 in Armour
  5619 | D:7      | Found an ancient bone altar of Kikubaaqudgha.
  6043 | D:7      | Found a glowing golden altar of the Shining One.
  6195 | D:8      | Noticed Pikel
  6216 | D:8      | Killed Pikel
  6585 | D:8      | Reached XP level 10. HP: 88/88 MP: 9/9
  6615 | D:8      | Found Luzevyit's Armour Emporium.
  6668 | D:8      | Reached **** piety under Trog
  7143 | D:8      | Found an iron altar of Okawaru.
  7152 | D:8      | Noticed a two-headed ogre
  7172 | D:8      | Killed a two-headed ogre
  7845 | D:8      | Reached ***** piety under Trog
  7863 | D:8      | Reached skill level 10 in Fighting
  7925 | D:8      | Found a burning altar of Makhleb.
  8179 | D:9      | Reached skill level 10 in Armour
  8514 | D:9      | Reached XP level 11. HP: 63/101 MP: 10/10
  8601 | D:9      | Noticed a six-headed hydra
  8617 | D:9      | Killed a one-headed hydra
  8850 | D:9      | Found a blossoming altar of Fedhas.
  9022 | D:9      | Received a gift from Trog
  9108 | D:9      | Found a basalt altar of Yredelemnul.
  9108 | D:9      | Found a glowing silver altar of Zin.
  9414 | D:10     | Entered Level 10 of the Dungeon
  9459 | D:10     | Noticed a two-headed ogre
  9472 | D:10     | Killed a two-headed ogre
  9936 | D:10     | Noticed a two-headed ogre
  9943 | D:10     | Killed a two-headed ogre
 10333 | D:10     | Found a portal to a secret trove of treasure.
 10639 | D:11     | Found a staircase to the Lair.
 10649 | Lair:1   | Entered Level 1 of the Lair of Beasts
 10656 | Lair:1   | Reached skill level 1 in Shields
 10752 | Lair:1   | Reached skill level 1 in Evocations
 10895 | Lair:1   | Reached XP level 12. HP: 115/115 MP: 10/12
 10947 | Lair:1   | Got a steaming silver ring
 10983 | Lair:1   | Identified the ring of Otodeitzy {AC+4 Int+4 Dex+6} (You
                  | found it on level 1 of the Lair of Beasts)
 11178 | Lair:1   | Reached skill level 5 in Shields
 11543 | Lair:1   | Received a gift from Trog
 12024 | Lair:1   | Noticed a five-headed hydra
 12032 | Lair:1   | Killed a one-headed hydra
 12132 | Lair:1   | Identified a scroll of acquirement
 12132 | Lair:1   | Acquired the ring of Grace {rC+ rN++ MR+}
 13881 | Lair:3   | Reached skill level 5 in Evocations
 13926 | Lair:3   | Noticed a six-headed hydra
 13933 | Lair:3   | Killed a one-headed hydra
 13933 | Lair:3   | Reached skill level 10 in Shields
 14306 | Lair:3   | Reached XP level 13. HP: 62/122 MP: 15/15
 14578 | Lair:3   | Found a hole to the Spider Nest.
 16536 | Lair:4   | Received a gift from Trog
 17059 | Lair:4   | Found a staircase to the Shoals.
 17649 | Lair:5   | Reached skill level 15 in Fighting
 17834 | Lair:5   | Reached skill level 15 in Armour
 18217 | Lair:5   | Found a viscous altar of Jiyva.
 18220 | Lair:5   | Found a staircase to the Slime Pits.
 19007 | Lair:5   | Reached XP level 14. HP: 136/136 MP: 16/16
 19072 | Lair:6   | Entered Level 6 of the Lair of Beasts
 19774 | Lair:6   | Received a gift from Trog
 20322 | Lair:5   | HP: 6/138 [poisoned by a black mamba]
 20327 | Lair:5   | HP: 4/138 [poisoned by a black mamba]
 20332 | Lair:5   | HP: 2/138 [poisoned by a black mamba]
 20337 | Lair:5   | HP: 3/138 [poisoned by a black mamba]
 20342 | Lair:5   | HP: 3/138 [poisoned by a black mamba]
 22042 | D:11     | Received a gift from Trog
 22200 | D:11     | Found a staircase to the Orcish Mines.
 22209 | Orc:1    | Entered Level 1 of the Orcish Mines
 22642 | Orc:2    | Entered Level 2 of the Orcish Mines
 22658 | Orc:2    | Found a staircase to the Elven Halls.
 22671 | Orc:2    | Found Mexod's General Store.
 22743 | Orc:2    | Bought a scroll of teleportation for 33 gold pieces
 22875 | Orc:2    | Found Xeopsiqi's Armour Boutique.
 23300 | Orc:2    | Slain by an orc knight

Illustrated notes

Levels and vault maps discovered:
D:1:      minmay_arrival_open_corners, layout_basic
D:2:      layout_basic, feat_on_display
D:3:      layout_basic, nemelex_spade_bored_becter
D:4:      lemuel_upstairs_altar, layout_loops_ring, first_ration, uniq_ijyb
D:5:      layout_loops_ring, tso_altar, minmay_temple_entry_drinking_statues,
          uniq_sigmund, uniq_eustachio
D:6:      layout_loops_ring, basic_altar, ashenzari_altar_1
D:7:      layout_layer_cave, lemuel_round_altar, basic_altar, grunt_livestock,
          palyth_stone_intersect
D:8:      layout_loops_ring, okawaru_metal_pillars_1_2, makhleb_grotto_becter,
          special_room [special_room_orc], serial_shops, shop,
          grunt_ministairs_14, uniq_pikel
D:9:      minmay_the_grid_square_5x5_3x3 [minmay_the_grid_square_5x5_minibox,
          minmay_the_grid_square_5x5_inset,
          minmay_the_grid_square_5x5_trominoes, minmay_the_grid_square_5x5_v,
          minmay_the_grid_square_5x5_megaprize_crossed,
          minmay_the_grid_square_5x5_spiral_small,
          minmay_the_grid_square_5x5_checkered_statues,
          minmay_the_grid_square_5x5_forky, minmay_the_grid_square_5x5_z],
          layout_gridville, grunt_temple_overflow_open, fedhas_altar_2
D:10:     layout_loops_cross, enter_trove_3
D:11:     layout_irregular_city, erik_lair_orcish_takeover, orc_0_dummy,
          bloody_trog
Lair:1:   wad_woods_minihive, layout_cave_pods, lemuel_fruit_tree
Lair:2:   layout_cave_pods, beast_lair_carwin_9, grunt_megastairs_5
Lair:3:   layout_chaotic_city, nicolae_spider_entry_tight_spaces,
          patterned_corridor, grunt_megastairs_4, minmay_lair_oklob_chamber
Lair:4:   layout_regular_city, minmay_shoals_entry_lonely_mermaid
Lair:5:   layout_regular_city, slime_altar_1, serial_bayou_shore_a
Lair:6:   minmay_lair_end_enchanted_forest, layout_hall_layers
Orc:1:    layout_caves
Orc:2:    grunt_orc_gardens, layout_caves, grunt_orc_garden, grunt_orc_garden,
          grunt_orc_garden, grunt_orc_garden, serial_shops, shop,
          nicolae_shop_behind_doors, shop, nicolae_shop_window_shopping,
          nicolae_shop_crystal

Skill      XL: |  1  2  3  4  5  6  7  8  9 10 11 12 13 14 |
---------------+-------------------------------------------+-----
Long Blades    | 4 5 7 8 9 11 13 14 | 14.0
Fighting       | 7 10 13 15 17 | 17.6
Armour         | 7 10 12 13 15 17 | 17.4
Shields        | 3 10 | 10.1
Evocations     | 1 5 |  5.3
Dodging        | |  2.1

Action                   |  1- 3 |  4- 6 |  7- 9 | 10-12 | 13-15 || total
-------------------------+-------+-------+-------+-------+-------++-------
Melee: Falchion          |    91 |    30 |    81 |       |       ||   202
       Headbutt          |    15 |    10 |    66 |   175 |   242 ||   508
       Unarmed           |     3 |     3 |       |       |       ||     6
       Long sword        |       |       |   223 |   207 |       ||   430
       Scimitar          |       |       |       |   543 |   840 ||  1383
Invok: Berserk           |       |     1 |       |     3 |     4 ||     8
       Trog's Hand       |       |     1 |       |     1 |     1 ||     3
       Brothers in Arms  |       |       |       |       |     1 ||     1
Evoke: Wand              |       |       |     2 |     3 |     2 ||     7
  Use: Scroll            |    10 |       |     6 |     7 |     3 ||    26
       Potion            |     1 |       |     6 |       |     2 ||     9
 Stab: Petrified         |       |       |       |       |     2 ||     2
       Petrifying        |       |       |       |       |     1 ||     1
  Eat: Chunk             |     3 |       |    16 |    27 |    15 ||    61
       Ration            |       |       |       |     1 |     6 ||     7
Armor: Plate armour      |    54 |    27 |   147 |   484 |   532 ||  1244
Dodge: Dodged            |    21 |    13 |    73 |   221 |   227 ||   555
Block: Kite shield       |       |       |       |   258 |   560 ||   818
       Rpst.: Falchion   |     4 |     4 |       |       |       ||     8
       Long sword        |       |       |    17 |    12 |       ||    29
       Scimitar          |       |       |       |    47 |    53 ||   100
